 Dungeon Crawl Stone Soup version 0.31.0-12-g77e489cdc1 (webtiles) character file.

Game seed: 479461107431781852

1624 Peloso the Carver (level 8, -9/70 HPs)
             Began as a Minotaur Fighter on Mar 2, 2024.
             Killed by an exploding orc (33 damage)
             ... ignited by their inner flame
             ... in a bailey.
             The game lasted 00:09:56 (5847 turns).

Peloso the Carver (Minotaur Fighter)                Turns: 5847, Time: 00:09:57

Health: -9/70      AC: 10    Str: 22    XL:     8   Next: 65%
Magic:  7/7        EV:  9    Int:  5    God:
Gold:   561        SH: 10    Dex: 11    Spells: 7/7 levels left

rFire   . . .        a - +3 scimitar (freeze)
rCold   . . .        d - +0 buckler
rNeg    . . .        c - +0 chain mail
rPois   .            (helmet restricted)
rElec   .            (no cloak)
rCorr   .            (no gloves)
SInv    .            (no boots)
Will    .....        n - amulet of reflection Stlth
                     (no ring)
HPRegen 0.31/turn    (no ring)
MPRegen 0.10/turn

%: reflection
@: no status effects
A: horns 2, retaliatory headbutt
a: no special abilities


You were in a bailey.
You visited 2 branches of the dungeon, and saw 8 of its levels.
You also visited: Bailey.

You collected 561 gold pieces.

Inventory:

Hand Weapons
 a - a +3 scimitar of freezing (weapon)
 b - a +1 long sword of freezing
Armour
 c - a +0 chain mail (worn)
 d - a +0 buckler (worn)
Jewellery
 l - an amulet of faith
 m - a +6 ring of intelligence
 n - an amulet of reflection (around neck)
Wands
 j - a wand of paralysis (6)
Scrolls
 e - 4 scrolls of identify
 g - 5 scrolls of teleportation
 i - a scroll of fear
 o - a scroll of revelation
 p - a scroll of amnesia
 q - a scroll of torment {unknown}


   Skills:
 + Level 6.2 Fighting
 + Level 8.1 Long Blades
 + Level 8.1 Armour
 + Level 2.4 Dodging
 + Level 0.4 Stealth
 + Level 6.0 Shields


You had 7 spell levels left.
You didn't know any spells.
Your spell library contained the following spells:

 Spells                   Type           Power      Damage    Failure   Level
 Sandblast                Erth           0%         2d4       98%         1
 Shock                    Conj/Air       0%         1d3       98%         1
 Ensorcelled Hibernation  Hex/Ice        0%         N/A       99%         2
 Call Canine Familiar     Summ           0%         N/A       100%        3
 Dazzling Flash           Conj/Hex       0%         N/A       100%        3
 Mephitic Cloud           Conj/Alch/Air  0%         N/A       100%        3
 Passwall                 Erth           0%         N/A       100%        3
 Sigil of Binding         Hex            0%         N/A       100%        3
 Stone Arrow              Conj/Erth      0%         3d7       100%        3
 Swiftness                Air            0%         N/A       100%        3
 Tukima's Dance           Hex            0%         N/A       100%        3
 Airstrike                Air            0%         2d(0-16)  100%        4
 Brom's Barrelling Bould  Conj/Erth      0%         2d3       100%        4
 Dimensional Bullseye     Hex/Tloc       0%         N/A       100%        4
 Olgreb's Toxic Radiance  Alch           0%         N/A       100%        4
 Passage of Golubria      Tloc           0%         N/A       100%        4
 Curse of Agony           Necr           0%         N/A       100%        5
 Silence                  Hex/Air        0%         N/A       100%        5
 Yara's Violent Unravell  Hex/Alch       0%         3d3       100%        5
 Haunt                    Necr/Summ      0%         N/A       100%        7
 Ozocubu's Refrigeration  Ice            0%         4d7       100%        7
 Borgnjor's Revivificati  Necr           0%         N/A       100%        8
 Discord                  Hex            0%         N/A       100%        8
 Death's Door             Necr           0%         N/A       100%        9


Dungeon Overview and Level Annotations

Branches:
Dungeon (7/15)             Temple (1/1) D:4          Bailey (1/1)

Altars:
Cheibriados
Dithmenos
Elyvilon
Fedhas
Hepliaklqana
Kikubaaqudgha
Ru
Sif Muna
Trog
Uskayaw
Vehumet
Wu Jian
Xom
Yredelemnul
Zin
The Shining One


Innate Abilities, Weirdness & Mutations

You have a pair of horns on your head.
You reflexively headbutt those who attack you in melee.


Message History

The orc warrior closely misses you. You furiously retaliate!
You headbutt the orc warrior. The orc barely misses you.
You block the orc warrior's attack. The orc barely misses you.
You block the orc's attack.
Unknown command.
You slash the orc! You freeze the orc.
You kill the orc!
You block the orc's attack. You block the orc warrior's attack.
The orc hits you but does no damage.
The orc warrior hits you from afar with a +0 halberd!
The orc closely misses you.
Unknown command.
The orc attacks as it pursues you! The orc barely misses you.
Unknown command.
You slash the orc! You freeze the orc.
You kill the orc!
Unknown command.
The orc warrior hits you from afar with a +0 halberd!
As you read the scroll of immolation, it crumbles to dust.
The creatures around you are filled with an inner flame!
You block the orc warrior's attack. x2; The orc barely misses you.
Okay, then.
As you read the scroll of fear, it crumbles to dust.
You assume a fearsome visage.
The orc looks frightened! x2
The orc warrior looks frightened! x2
The orc attacks as it pursues you!
The orc hits you from afar with a +0 spear.
* * * LOW HITPOINT WARNING * * *
The orc attacks as it pursues you! The orc closely misses you.
There is an open door here.
Aiming: Paralyse
Press: ? - help, Shift-Dir - straight line, f - orc
Aim: an orc, wielding a +0 spear (inner flame, chance to affect: 66%)
The orc struggles to resist.
The orc closely misses you. The orc attacks as it pursues you!
The orc closely misses you. The orc hits you but does no damage.
You slash the orc! You freeze the orc.
The orc explodes!
The fiery explosion engulfs you!!
You die...

###### ############
#.....# ##..)))...∩.##
..oo.######....)#......#
...##..#....#§§§.###.....#
....8..)....'§§@..8.....∩#
...##..#)...#§§§.###.....#
...o.######.....#......#
#.....# ##........∩.##
###### ############


There were no monsters in sight!

Vanquished Creatures
  A water moccasin (D:6)
  2 ice beasts
  A sky beast (D:7)
  2 ogres
  A phantom (D:5)
  A scorpion (D:4)
  3 wights (D:7)
  3 howler monkeys
  2 bombardier beetles
  2 jellies
  A hound (D:4)
  3 orc priests
  2 iguanas
  3 orc wizards (D:6)
  Natasha (thrice) (D:4)
  A gnoll (D:1)
  7 adders
  A white imp (D:7)
  A ribbon worm (D:2)
  4 dart slugs
  25 orcs
  10 ball pythons
  2 bats (D:1)
  8 endoplasms
  A giant cockroach (D:4)
  10 goblins
  5 hobgoblins
  7 jackals
  7 kobolds
  3 quokkas
  5 frilled lizards
  6 rats
133 creatures vanquished.

Notes
Turn   | Place    | Note
-------+----------+-------------------------------------------
     0 | D:1      | Peloso the Minotaur Fighter began the quest for the Orb.
     0 | D:1      | Reached XP level 1. HP: 19/19 MP: 0/0
    93 | D:1      | Reached XP level 2. HP: 18/27 MP: 1/1
   410 | D:1      | Reached XP level 3. HP: 33/33 MP: 2/2
  1012 | D:2      | Reached XP level 4. HP: 9/41 MP: 3/3
  1172 | D:2      | Found a faded altar of an unknown god.
  1228 | D:2      | Reached skill level 1 in Dodging
  1841 | D:3      | Found a sacrificial altar of Ru.
  1919 | D:3      | Reached skill level 5 in Armour
  1919 | D:3      | Reached XP level 5. HP: 41/47 MP: 4/4
  2453 | D:4      | Identified the +1 robe of Ciosyuv {rF++ Will+ Str-4 Int+2}
  2470 | D:4      | Reached XP level 6. HP: 53/53 MP: 5/5
  2740 | D:4      | Found a staircase to the Ecumenical Temple.
  2867 | D:4      | Noticed Natasha
  2879 | D:4      | Killed Natasha
  2961 | D:4      | Noticed Natasha
  2973 | D:4      | Killed Natasha
  2974 | D:4      | Reached skill level 5 in Long Blades
  3147 | D:4      | Noticed Natasha
  3164 | D:4      | Killed Natasha
  3310 | Temple   | Entered the Ecumenical Temple
  3338 | D:5      | Entered Level 5 of the Dungeon
  3353 | D:5      | Reached skill level 5 in Fighting
  3353 | D:5      | Reached XP level 7. HP: 45/61 MP: 6/6
  3958 | D:5      | Reached skill level 5 in Shields
  4766 | D:6      | Reached XP level 8. HP: 41/69 MP: 7/7
  5689 | D:7      | Found a flagged portal.
  5708 | Bailey   | Entered a bailey
  5847 | Bailey   | Killed by an exploding orc... ignited by their inner flame

Illustrated notes

Levels and vault maps discovered:
D:1:      dreamdust_arrival_sigmund_warning, layout_loops_ring, serial_glass,
          glass_columns_b, glass_columns_a, glass_columns_a, glass_columns_c,
          feat_on_display
D:2:      layout_rooms, shapermc_ecumenical_altar_acropolis, serial_curves,
          eino_curves_02, eino_curves_02
D:3:      kennysheep_big_flooded_room, layout_rooms,
          mainiacjoe_overflow_cross_hatched, kennysheep_another_room,
          hangedman_decor_growths, minivault_14
D:4:      layout_loops_ring, minmay_temple_entry_statues_fountains, uniq_natasha
D:5:      layout_loops_corners, chequers_serial_rivers_large_b
D:6:      layout_loops_cross, serial_co_window_serial,
          co_window_of_opportunity_a, co_window_corner_a, co_window_paths_b,
          co_window_corner_a, co_window_corner_a, co_window_paths_a,
          co_window_corner_a, co_window_of_opportunity_c, co_window_broadway_b,
          co_window_broadway_c, glass_columns_b, glass_columns_a,
          glass_columns_a, glass_columns_b, glass_columns_b
D:7:      layout_rooms, enter_bailey_6, guppyfry_early_elven_hall
Temple:   regret_index_temple_generic_petals
Bailey:   bailey_polearm_5, bailey

Skill      XL: |  1  2  3  4  5  6  7  8 |
---------------+-------------------------+-----
Fighting       | 4 5 6 |  6.2
Armour         | 4 5 6 7 8 |  8.1
Shields        | 4 5 6 |  6.0
Long Blades    | 3 4 5 6 8 |  8.1
Dodging        | 1 2 |  2.4
Stealth        | |  0.4

Action                     |  1- 3 |  4- 6 |  7- 9 || total
---------------------------+-------+-------+-------++-------
  Melee: Long sword        |    74 |   148 |   122 ||   344
         Headbutt          |    12 |    29 |    24 ||    65
         Scimitar          |       |       |    27 ||    27
  Evoke: Wand              |       |       |     1 ||     1
    Use: Potion            |     2 |       |     2 ||     4
         Scroll            |     1 |     3 |     5 ||     9
   Stab: Invisible         |       |       |     1 ||     1
 Armour: Scale mail        |    58 |    54 |       ||   112
         Chain mail        |       |    64 |    82 ||   146
  Dodge: Dodged            |    37 |    78 |    52 ||   167
  Block: Buckler           |    16 |    55 |    65 ||   136
